 Dungeon Crawl Stone Soup version 0.30-a0-779-g7971cf19c3 (webtiles) character file.

Game seed: 8650805753959831539

49 Pimp the Trooper (level 3, 0/45 HPs)
             Began as a Demonspawn Berserker on Feb 17, 2023.
             Was a Follower of Trog.
             Succumbed to Sigmund's poison
             ... on level 2 of the Dungeon.
             The game lasted 00:03:18 (1377 turns).

Pimp the Trooper (Demonspawn Berserker)             Turns: 1377, Time: 00:03:19

Health: 0/45       AC:  4    Str: 19    XL:     3   Next: 53%
Magic:  3/3        EV: 12    Int:  8    God:    Trog [*.....]
Gold:   109        SH:  0    Dex: 12    Spells: 2/2 levels left

rFire   . . .      SeeInvis .    a - +0 hand axe
rCold   . . .      Faith    .    (no shield)
rNeg    . . .      Spirit   .    b - +0 animal skin
rPois   +          Reflect  .    (no helmet)
rElec   .          Harm     .    (no cloak)
rCorr   .          Rampage  .    (no gloves)
Will    .....                    (no boots) Stlth
                                 (no amulet)
HPRegen 0.27/turn                e - ring of flight
MPRegen 0.08/turn                l - ring of poison resistance

@: berserking, lethally poisoned (0 -> -11), flying, very quick
A: slimy green scales 1
a: Renounce Religion, Berserk


You were on level 2 of the Dungeon.
You worshipped Trog.
Trog was aware of your devotion.
You visited 1 branch of the dungeon, and saw 2 of its levels.

You collected 109 gold pieces.

Inventory:

Hand Weapons
 a - a +0 hand axe (weapon)
Armour
 b - a +0 animal skin (worn)
Jewellery
 e - a ring of flight (left hand)
 l - a ring of poison resistance (right hand)
 m - a ring of protection from cold
Scrolls
 c - 2 scrolls of poison {unknown}
 f - a scroll of teleportation {unknown}
 h - a scroll of enchant weapon {unknown}
 j - a scroll of blinking {unknown}
 k - 2 scrolls of identify {unknown}
Potions
 d - 2 potions of heal wounds {unknown}
 g - a potion of curing {unknown}
 i - 2 potions of lignification {unknown}


   Skills:
 + Level 3.8 Fighting
 + Level 3.2 Axes
 + Level 1.8 Armour
 + Level 2.1 Dodging
 + Level 0.2 Stealth


You had 2 spell levels left.
You didn't know any spells.
Your spell library was empty.

Dungeon Overview and Level Annotations

Branches:
Dungeon (2/15)

Altars:

Shops:
D:2 :

Annotations:
D:2 Sigmund


Innate Abilities, Weirdness & Mutations

You are partially covered in slimy green scales. (AC +2)


Message History

You now have 99 gold pieces (gained 12).
There is an escape hatch in the ceiling here.
There is an entrance to Egodgherphu's Book Shoppe here.
An endoplasm comes into view.
Found 10 gold pieces.
The endoplasm quivers.
You slash the endoplasm!
You kill the endoplasm!
Trog accepts your kill.
You now have 109 gold pieces (gained 10).
Found a hand axe.
You see here a +0 hand axe.
Sigmund the Dreaded comes into view.
He is wielding a +5 scythe of venom and carrying a wand of light (6).
Sigmund is nearby!
Sigmund shouts!
Sigmund gestures at you while chanting. You resist with significant effort.
Sigmund zaps a wand.
The bolt of light hits you!
Ouch! That really hurt!
Sigmund completely misses you.
You hit Sigmund.
Sigmund is lightly wounded.
Sigmund points at you and mumbles some strange words.
You resist with significant effort.
Sigmund hits you with a +5 scythe of venom.
You hit Sigmund.
Sigmund is moderately wounded.
A red film seems to cover your vision as you go berserk!
You feel yourself moving faster!
You feel mighty!
Sigmund gestures wildly while chanting.
Sigmund flickers and vanishes!
Deactivating autopickup; reactivate with Ctrl-A.
You barely miss something. Something hits you!
* * * LOW HITPOINT WARNING * * *
You are lethally poisoned!
You hit something. Your punch misses something.
* * * LOW HITPOINT WARNING * * *
You feel very sick.
You miss something.
You die...

#####
....#
###
###.#
..# #
#.#
#.# #
#.#
#.#
###.#
#.#
#...#
#.#
#.#.#
#{#
..#.#
#@#
..#.#
#.#
..#.#
#.#
.##.#
#.#
.##.#
#.#
.##.#
#.#
###.#
#.# #
#.#
#.#
###.#
#.#


There were no monsters in sight!

Vanquished Creatures
  2 adders (D:2)
  2 dart slugs (D:2)
  An orc (D:2)
  3 endoplasms (D:2)
  3 goblins (D:1)
  2 hobgoblins
  2 jackals (D:1)
  3 kobolds
  2 ball pythons (D:2)
  2 bats
  A frilled lizard (D:2)
  2 rats (D:2)
25 creatures vanquished.

Notes
Turn   | Place    | Note
-------+----------+-------------------------------------------
     0 | D:1      | Pimp the Demonspawn Berserker began the quest for the Orb.
     0 | D:1      | Reached XP level 1. HP: 18/18 MP: 1/1
   217 | D:1      | Gained mutation: You are partially covered in slimy green
                  | scales. (AC +2) [demonic ancestry]
   217 | D:1      | Reached XP level 2. HP: 20/24 MP: 2/2
  1059 | D:2      | Reached XP level 3. HP: 28/30 MP: 3/3
  1329 | D:2      | Found Egodgherphu's Book Shoppe.
  1366 | D:2      | Noticed Sigmund
  1377 | D:2      | Succumbed to Sigmund's poison

Illustrated notes

Levels and vault maps discovered:
D:1:      dpeg_arrival_arbitrary_a, layout_rooms, serial_park_tiny_1
D:2:      minmay_evil_eye, layout_basic, serial_shops, shop_statue, uniq_sigmund

Skill      XL: |  1  2 |
---------------+-------+-----
Dodging        | 2 |  2.1
Axes           | 3 |  3.2
Fighting       | |  3.8
Armour         | |  1.8
Stealth        | |  0.2

Action                     || total
---------------------------++-------
  Melee: Hand axe          ||    76
         Punch             ||     1
 Invoke: Berserk           ||     2
   Stab: Sleeping          ||     1
 Armour: Animal skin       ||    15
  Dodge: Dodged            ||    50

Table legend: (Time is in decaauts)
 A = Elapsed time spent in this place.
 B = Non-inter-level travel time spent in this place.
 C = Inter-level travel time spent in this place.
 D = Time resting spent in this place.
 E = Time spent auto-exploring this place.
 F = Levels seen in this place.
 G = Mean time per level.
                   A        B        C        D        E       F      G
               +--------+--------+--------+--------+--------+-----+--------+
         Total |   1399 |   1348 |     51 |     81 |   1024 |   2 |  699.5 |
       Dungeon |   1399 |   1348 |     51 |     81 |   1024 |   2 |  699.5 |
               +--------+--------+--------+--------+--------+-----+--------+

Top non-repeatable levels by time:
     D:2: 800 daAuts
     D:1: 598 daAuts
